 Dungeon Crawl Stone Soup version 0.28-a0-1087-gf3fc490d9d (webtiles) character file.

Game seed: 11368694671105318356

11 ytrimaz the Insei (level 2, -1/18 HPs)
             Began as an Octopode Transmuter on Dec 10, 2021.
             Slain by a gnoll (7 damage)
             ... on level 1 of the Dungeon.
             The game lasted 00:01:14 (871 turns).

ytrimaz the Insei (Octopode Transmuter)              Turns: 871, Time: 00:01:15

Health: -1/18      AC:  1    Str:  9    XL:     2   Next: 25%
Magic:  3/5        EV: 13    Int: 15    God:
Gold:   49         SH:  0    Dex: 12    Spells: 2/5 levels left

rFire   . . .      SeeInvis .     - Unarmed
rCold   . . .      Faith    .   (no shield)
rNeg    . . .      Spirit   .   (helmet restricted)
rPois   .          Reflect  .   (no amulet)
rElec   .          Harm     .   (no ring)
rCorr   .          Rampage  .   (no ring)
Will    .....                   (no ring)
Stlth   ++........              (no ring)
HPRegen 0.06/turn               (no ring)
MPRegen 0.09/turn               (no ring)
                                (no ring)
                                (no ring)

@: wereblooded
A: almost no armour, amphibious, 8 rings, camouflage 1, gelatinous body 1,
(nimble swimmer 1), tentacles
a: no special abilities


You were on level 1 of the Dungeon.
You visited 1 branch of the dungeon, and saw 1 of its levels.

You collected 49 gold pieces.

Inventory:

Potions
 b - a potion of curing {unknown}


   Skills:
 * Level 1.2 Fighting
 - Level 2.0 Dodging
 + Level 3.2 Unarmed Combat
 * Level 2.2 Spellcasting
 * Level 2.2 Transmutations


You had 2 spell levels left.
You knew the following spells:

 Your Spells              Type           Power      Damage    Failure   Level
a - Beastly Appendage     Tmut           16%        N/A       9%          1
b - Wereblood             Tmut           8%         N/A       13%         2

Your spell library contained the following spells:

 Spells                   Type           Power      Damage    Failure   Level
 Sting                    Tmut/Pois      16%        1d3       14%         1
 Poisonous Vapours        Pois/Air       2%         N/A       32%         2
 Spider Form              Tmut/Pois      4%         N/A       38%         3
 Ice Form                 Ice/Tmut       4%         N/A       80%         4
 Olgreb's Toxic Radiance  Pois           1%         N/A       91%         4


Dungeon Overview and Level Annotations

Branches:
Dungeon (1/15)

Altars:


Innate Abilities, Weirdness & Mutations

You cannot wear most types of armour.
You are amphibious.
You can wear up to eight rings at the same time.
Your skin changes colour to match your surroundings (Stealth+).
Your rubbery body absorbs attacks. (AC +1, EV +1)
((You are camouflaged near water. (Stealth+)))
You have tentacles for arms and can constrict up to eight enemies at once.


Message History

A gnoll comes into view. It is wielding a +0 spear.
The bat closely misses you.
A bat comes into view.
The gnoll shouts!
There are monsters nearby!
There are monsters nearby!
There are monsters nearby!
There are monsters nearby!
You barely miss the bat. Your grab misses the bat.
The bat is moderately wounded.
The bat hits you.
A kobold comes into view. It is wielding a +0 whip.
The bat misses you. The bat closely misses you. The bat barely misses you.
Unknown command.
The bat closely misses you. The bat hits you but does no damage.
The bat closely misses you. The bat hits you. x2
The kobold shouts!
You tentacle-slap the bat.
You kill the bat!
The bat closely misses you.
Unknown command.
The bat hits you but does no damage. The bat hits you but does no damage.
The bat hits you. The bat hits you but does no damage.
The bat completely misses you.
Casting: Beastly Appendage (safe; 9% risk of failure)
Confirm with . or Enter, or press ? or * to list all spells.
Your blood is infused with primal strength.
The bat misses you. x2
Unknown command.
You tentacle-slap the bat but do no damage.
Your grab misses the bat. The bat hits you but does no damage.
The bat hits you.
The gnoll hits you from afar with a +0 spear.
You barely miss the bat. Your grab misses the bat. The bat hits you.
The bat misses you.
The gnoll hits you from afar with a +0 spear!
You die...

# *,**#.*#.(?......#.#,*** # *,*
#.###.##.......#,* * # *,*
#........K..####,*** # *,*
###.#.####......,**, # *,* #.#.#
*.#####**,, # #.#####.#.# *,#
*,,^ # #......gK.# **+** **,, #
#######b###**,,,** **, # ####@#
**,,,,,** **,* ###
##.##.#**,,,,,,,***,**
..##########...#.##,,,,,,,,,***,,
..................+,,,,,,,,,+,,,,
..##########...#.##,,,,,,,,,****,
..# ####.##.#**,,,,,,,** ** #.#
#.......# **,,,,,** *
.#########.##########*,,,**
#...................#*,***


You could see a gnoll, a bat and a kobold.

Vanquished Creatures
  3 endoplasms (D:1)
  A goblin (D:1)
  A ball python (D:1)
  A bat (D:1)
  2 frilled lizards (D:1)
  A kobold (D:1)
  3 rats (D:1)
12 creatures vanquished.

Notes
Turn   | Place    | Note
-------+----------+-------------------------------------------
     0 | D:1      | ytrimaz the Octopode Transmuter began the quest for the
                  | Orb.
     0 | D:1      | Reached XP level 1. HP: 13/13 MP: 3/3
   413 | D:1      | Reached XP level 2. HP: 17/18 MP: 5/5
   487 | D:1      | Learned a level 2 spell: Wereblood
   871 | D:1      | Slain by a gnoll

Illustrated notes

Levels and vault maps discovered:
D:1:      giann_horns, layout_loops_corners

Action                   || total
-------------------------++-------
Melee: Unarmed           ||    26
       Tentacles         ||     4
       Constrict         ||     6
       Kick              ||     1
 Cast: Beastly Appendage ||     3
       Wereblood         ||     1
  Use: Potion            ||     1
       Scroll            ||     2
 Stab: Sleeping          ||     1
Armor: Skin              ||     6
Dodge: Dodged            ||    20

Table legend: (Time is in decaauts)
 A = Elapsed time spent in this place.
 B = Non-inter-level travel time spent in this place.
 C = Inter-level travel time spent in this place.
 D = Time resting spent in this place.
 E = Time spent auto-exploring this place.
 F = Levels seen in this place.
 G = Mean time per level.
                   A        B        C        D        E       F      G
               +--------+--------+--------+--------+--------+-----+--------+
         Total |    869 |    869 |      0 |      0 |    738 |   1 |  869.0 |
       Dungeon |    869 |    869 |      0 |      0 |    738 |   1 |  869.0 |
               +--------+--------+--------+--------+--------+-----+--------+

Top non-repeatable levels by time:
     D:1: 869 daAuts
